NYP
WILLIAMSPORT CROSSCUTTERS @ ROME BRAVES
09/16/2044
 
TOP OF THE 1ST
Williamsport Crosscutters batting - Pitching for Rome Braves : RHP Nikita Eliseenko
Pitching: RHP Nikita Eliseenko
Batting: LHB Tsuneharu Nishimura 0-0: Swinging Strike
0-1: Ball
1-1: Foul Ball, location: 2F
1-2: Foul Ball, location: 2F
1-2: Strikes out swinging
Batting: RHB Matt McDevitt 0-0: Swinging Strike
0-1: Ball
1-1: Swinging Strike
1-2: Ball
2-2: Foul Ball, location: 2F
2-2: Strikes out swinging
Batting: RHB Alan Weller 0-0: Ball
1-0: Fly out, F4 (Flyball, 34D, EV 84.4 MPH)
Top of the 1st over - 0 runs, 0 hits, 0 errors, 0 left on base; Williamsport 0 - Rome 0
BOTTOM OF THE 1ST
Rome Braves batting - Pitching for Williamsport Crosscutters : RHP Brian Yager
Pitching: RHP Brian Yager
Batting: LHB Tsutomu Miyahara 0-0: Ball
1-0: Foul Ball, location: 2F
1-1: Foul Ball, location: 2F
1-2: Ball
2-2: Foul Ball, location: 2F
2-2: Strikes out swinging
Batting: RHB Brandon Burrell 0-0: Ball
1-0: Ball
2-0: SINGLE (Line Drive, 56D, EV 102.5 MPH)
Batting: RHB Ike Trout 0-0: Called Strike
0-1: Ball
1-1: DOUBLE (Line Drive, 78D, EV 110.0 MPH)
Brandon Burrell to third
Batting: LHB Mike Tenorio 0-0: Called Strike
0-1: Called Strike
0-2: Ball
1-2: Ball
2-2: Foul Ball, location: 2F
2-2: Ball
3-2: Foul Ball, location: 2F
3-2: Foul Ball, location: 2F
3-2: Fly out, F6 (Popup, 15, EV 87.5 MPH)
Batting: RHB Tim Molchan 0-0: Called Strike
0-1: Ball
1-1: Ball
2-1: Ball
3-1: Fly out, F9 (Flyball, 9, EV 85.0 MPH)
Bottom of the 1st over - 0 runs, 2 hits, 0 errors, 2 left on base; Williamsport 0 - Rome 0
TOP OF THE 2ND
Williamsport Crosscutters batting - Pitching for Rome Braves : RHP Nikita Eliseenko
Batting: SHB Benjamin Brown 0-0: Ball
1-0: Called Strike
1-1: Ground out 5-3 (Groundball, 5, EV 103.8 MPH)
Batting: RHB Jimmy Misener 0-0: Ball
1-0: Foul Ball, location: 2F
1-1: Swinging Strike
1-2: Strikes out swinging
Batting: RHB Moritake Fukumoto 0-0: Called Strike
0-1: Foul Ball, location: 2F
0-2: Strikes out swinging
Top of the 2nd over - 0 runs, 0 hits, 0 errors, 0 left on base; Williamsport 0 - Rome 0
BOTTOM OF THE 2ND
Rome Braves batting - Pitching for Williamsport Crosscutters : RHP Brian Yager
Batting: LHB Joe Phillips 0-0: Called Strike
0-1: Ball
1-1: Called Strike
1-2: Strikes out looking
Batting: RHB Peter Wheeler 0-0: Foul Ball, location: 2F
0-1: Ball
1-1: Ball
2-1: Called Strike
2-2: Strikes out swinging
Batting: LHB Malik Boulay 0-0: Called Strike
0-1: Ball
1-1: Swinging Strike
1-2: Foul Ball, location: 2F
1-2: Strikes out swinging
Bottom of the 2nd over - 0 runs, 0 hits, 0 errors, 0 left on base; Williamsport 0 - Rome 0
TOP OF THE 3RD
Williamsport Crosscutters batting - Pitching for Rome Braves : RHP Nikita Eliseenko
Batting: SHB Matt Sybrant 0-0: Swinging Strike
0-1: Fly out, F9 (Flyball, 89M, EV 97.5 MPH)
Batting: RHB Ken Gadberry 0-0: Foul Ball, location: 2F
0-1: Ball
1-1: Swinging Strike
1-2: Foul Ball, location: 2F
1-2: Strikes out swinging
Batting: RHB Cory Bonham 0-0: Called Strike
0-1: Fly out, F3 (Popup, 3, EV 60.6 MPH)
Top of the 3rd over - 0 runs, 0 hits, 0 errors, 0 left on base; Williamsport 0 - Rome 0
BOTTOM OF THE 3RD
Rome Braves batting - Pitching for Williamsport Crosscutters : RHP Brian Yager
Batting: RHB Adrian Billups 0-0: Ball
1-0: Ball
2-0: Called Strike
2-1: Foul Ball, location: 2F
2-2: Strikes out swinging
Batting: LHB Tsutomu Miyahara 0-0: Called Strike
0-1: Called Strike
0-2: Ball
1-2: Foul Ball, location: 2F
1-2: Strikes out swinging
Batting: RHB Brandon Burrell 0-0: Called Strike
0-1: Ball
1-1: Fly out, F7 (Flyball, 7S, EV 79.4 MPH)
Bottom of the 3rd over - 0 runs, 0 hits, 0 errors, 0 left on base; Williamsport 0 - Rome 0
TOP OF THE 4TH
Williamsport Crosscutters batting - Pitching for Rome Braves : RHP Nikita Eliseenko
Batting: LHB Tsuneharu Nishimura 0-0: Ball
1-0: Called Strike
1-1: Ball
2-1: Foul Ball, location: 2F
2-2: SINGLE (Groundball, 4M, EV 95.0 MPH)
Batting: RHB Matt McDevitt 0-0: Ball
1-0: Ball
2-0: Ball
Tsuneharu Nishimura steals 2nd base
3-0: Called Strike
3-1: Foul Ball, location: 2F
3-2: Ground out U3 (Groundball, 34, EV 83.1 MPH)
Tsuneharu Nishimura to third
Batting: RHB Alan Weller 0-0: Called Strike
0-1: Foul Ball, location: 2F
0-2: Ball
1-2: Foul Ball, location: 2F
1-2: Foul Ball, location: 2F
1-2: 2-RUN HOME RUN (Flyball, 9D, EV 98.8 MPH), Distance : 376 ft
Batting: SHB Benjamin Brown 0-0: Ball
1-0: Called Strike
1-1: SINGLE (Line Drive, 9S, EV 92.5 MPH)
Batting: RHB Jimmy Misener 0-0: Ball
Benjamin Brown is caught stealing 2nd base 2-4
1-0: Ball
2-0: Foul Ball, location: 2F
2-1: Reached on error, E5 (Groundball, 5, EV 78.8 MPH)
Batting: RHB Moritake Fukumoto 0-0: Called Strike
0-1: Ball
1-1: Foul Ball, location: 2F
1-2: Ball
2-2: Foul Ball, location: 2F
2-2: Reached on error, E5 (Groundball, 56, EV 103.8 MPH)
Jimmy Misener to second
Batting: SHB Matt Sybrant 0-0: Foul Ball, location: 2F
0-1: Ball
1-1: Ball
2-1: Ball
3-1: Ground out 1-3 (Groundball, 15S, EV 71.2 MPH)
Top of the 4th over - 2 runs, 3 hits, 2 errors, 2 left on base; Williamsport 2 - Rome 0
BOTTOM OF THE 4TH
Rome Braves batting - Pitching for Williamsport Crosscutters : RHP Brian Yager
Batting: RHB Ike Trout 0-0: Foul Ball, location: 2F
0-1: Ball
1-1: SINGLE (Line Drive, 4MD, EV 96.2 MPH)
Batting: LHB Mike Tenorio 0-0: Fly out, F6 (Line Drive, 6, EV 65.6 MPH)
Batting: RHB Tim Molchan 0-0: Called Strike
0-1: Ball
1-1: Foul Ball, location: 2F
1-2: Foul Ball, location: 2F
1-2: Foul Ball, location: 2F
1-2: Ball
2-2: SINGLE (Flyball, 5D, EV 83.8 MPH)
Ike Trout to second
Batting: LHB Joe Phillips 0-0: Ball
1-0: Ground out 4-3 (Groundball, 4S, EV 66.9 MPH)
Ike Trout to third
Tim Molchan to second
Batting: RHB Peter Wheeler 0-0: Ball
1-0: SINGLE (Line Drive, 8RS, EV 107.5 MPH)
Ike Trout scores
Tim Molchan to third
Batting: LHB Malik Boulay 0-0: Ball
1-0: Called Strike
1-1: Ball
2-1: Foul Ball, location: 2F
2-2: Ball
3-2: Base on Balls
Peter Wheeler to second
Batting: RHB Adrian Billups 0-0: Foul Ball, location: 2F
0-1: SINGLE (Line Drive, 9S, EV 91.9 MPH)
Tim Molchan scores
Peter Wheeler to third
Malik Boulay to second
Runner from 3rd tries for Home, throw by RF and OUT! 9-2
Bottom of the 4th over - 2 runs, 4 hits, 0 errors, 2 left on base; Williamsport 2 - Rome 2
TOP OF THE 5TH
Williamsport Crosscutters batting - Pitching for Rome Braves : RHP Nikita Eliseenko
Batting: RHB Ken Gadberry 0-0: Ball
1-0: Ball
2-0: Swinging Strike
2-1: SINGLE (Groundball, 6S, EV 62.5 MPH) (infield hit)
Batting: RHB Cory Bonham 0-0: Called Strike
0-1: Called Strike
0-2: Ball
1-2: Ball
2-2: Foul Ball, location: 2F
2-2: SINGLE (Groundball, 34D, EV 95.0 MPH)
Ken Gadberry to second
Runner from 2nd tries for 3rd, SAFE, throw by RF made at trailing runner, OUT! 9-6
Batting: LHB Tsuneharu Nishimura 0-0: Swinging Strike
0-1: Ball
1-1: Ball
2-1: Foul Ball, location: 2F
2-2: Foul Ball, location: 2F
2-2: Ball
3-2: Ground out 4-3 (Groundball, 4, EV 87.5 MPH)
Ken Gadberry scores
Batting: RHB Matt McDevitt 0-0: Ball
1-0: Called Strike
1-1: Foul Ball, location: 2F
1-2: Strikes out swinging
Top of the 5th over - 1 run, 2 hits, 0 errors, 0 left on base; Williamsport 3 - Rome 2
BOTTOM OF THE 5TH
Rome Braves batting - Pitching for Williamsport Crosscutters : RHP Brian Yager
Pitching: LHP Kerry Tuckfard
Batting: LHB Tsutomu Miyahara 0-0: Called Strike
0-1: Foul Ball, location: 2F
0-2: Ball
1-2: Ground out U3 (Groundball, 34, EV 96.9 MPH)
Batting: RHB Brandon Burrell 0-0: Ball
1-0: Foul Ball, location: 2F
1-1: Ball
2-1: Foul Ball, location: 2F
2-2: Ball
3-2: Base on Balls
Batting: RHB Ike Trout 0-0: Called Strike
0-1: Ball
Passed Ball!
Brandon Burrell to second
1-1: Ball
2-1: SINGLE (Groundball, 6S, EV 70.0 MPH) (infield hit)
Brandon Burrell to third
Batting: LHB Mike Tenorio 0-0: Ball
1-0: Ball
2-0: Ball
3-0: Called Strike
3-1: Base on Balls
Ike Trout to second
Batting: RHB Tim Molchan 0-0: Foul Ball, location: 2F
0-1: Ball
1-1: Ball
2-1: Foul Ball, location: 2F
2-2: Ball
Wild Pitch!
Brandon Burrell scores
Ike Trout to third
Mike Tenorio to second
3-2: Fly out, F9 (Flyball, 9, EV 96.2 MPH)
Batting: LHB Joe Phillips 0-0: Ball
1-0: Ball
2-0: Ball
3-0: Foul Ball, location: 2F
3-1: Foul Ball, location: 2F
3-2: Ground out 5-3 (Groundball, 56S, EV 91.9 MPH)
Bottom of the 5th over - 1 run, 1 hit, 0 errors, 2 left on base; Williamsport 3 - Rome 3
TOP OF THE 6TH
Williamsport Crosscutters batting - Pitching for Rome Braves : RHP Nikita Eliseenko
Batting: RHB Alan Weller 0-0: Ground out 1-3 (Groundball, 13S, EV 62.5 MPH)
Batting: SHB Benjamin Brown 0-0: Called Strike
0-1: DOUBLE (Flyball, 89XD, EV 109.4 MPH)
Batting: RHB Jimmy Misener 0-0: Ball
1-0: Ball
2-0: Called Strike
2-1: Called Strike
2-2: Strikes out swinging
Batting: RHB Moritake Fukumoto 0-0: Called Strike
0-1: Ball
1-1: Ball
2-1: Foul Ball, location: 2F
2-2: Fly out, F4 (Popup, 34D, EV 63.1 MPH)
Top of the 6th over - 0 runs, 1 hit, 0 errors, 1 left on base; Williamsport 3 - Rome 3
BOTTOM OF THE 6TH
Rome Braves batting - Pitching for Williamsport Crosscutters : LHP Kerry Tuckfard
Batting: RHB Peter Wheeler 0-0: Ground out 6-3 (Groundball, 6M, EV 77.5 MPH)
Batting: LHB Malik Boulay 0-0: Called Strike
0-1: Ball
1-1: Swinging Strike
1-2: Ball
2-2: Foul Ball, location: 2F
2-2: Foul Ball, location: 2F
2-2: Fly out, F4 (Popup, 3D, EV 61.9 MPH)
Batting: RHB Adrian Billups 0-0: Foul Ball, location: 2F
0-1: Ball
1-1: DOUBLE (Line Drive, 7LM, EV 95.6 MPH)
Pitching: LHP Wil Diaz
Batting: LHB Tsutomu Miyahara 0-0: Called Strike
0-1: Foul Ball, location: 2F
0-2: Ball
1-2: Ball
2-2: Strikes out looking
Bottom of the 6th over - 0 runs, 1 hit, 0 errors, 1 left on base; Williamsport 3 - Rome 3
TOP OF THE 7TH
Williamsport Crosscutters batting - Pitching for Rome Braves : RHP Nikita Eliseenko
Pitching: RHP Jeremy Hurley
Batting: SHB Matt Sybrant 0-0: Foul Ball, location: 2F
0-1: SINGLE (Groundball, 6MD, EV 100.0 MPH)
Batting: RHB Ken Gadberry 0-0: Sac Bunt to 25 - play at first, batter OUT! 5-4
Matt Sybrant to second
Batting: RHB Cory Bonham 0-0: Called Strike
0-1: Ball
1-1: Ball
2-1: SINGLE (Groundball, 34D, EV 101.9 MPH)
Matt Sybrant to third
Batting: LHB Tsuneharu Nishimura 0-0: Ball
1-0: Foul Ball, location: 2F
1-1: Foul Ball, location: 2F
1-2: Strikes out looking
Batting: RHB Matt McDevitt 0-0: Swinging Strike
0-1: Ball
1-1: Foul Ball, location: 2F
1-2: Ground out 4-3 (Groundball, 34D, EV 98.1 MPH)
Top of the 7th over - 0 runs, 2 hits, 0 errors, 2 left on base; Williamsport 3 - Rome 3
BOTTOM OF THE 7TH
Rome Braves batting - Pitching for Williamsport Crosscutters : LHP Wil Diaz
Pitching: RHP Jay Wyatt
Batting: RHB Brandon Burrell 0-0: Ball
1-0: Foul Ball, location: 2F
1-1: Called Strike
1-2: Strikes out swinging
Batting: RHB Ike Trout 0-0: Ball
1-0: Ball
2-0: Called Strike
2-1: Called Strike
2-2: Foul Ball, location: 2F
2-2: Ball
3-2: Foul Ball, location: 2F
3-2: Ground out 5-3 (Groundball, 5S, EV 91.9 MPH)
Pitching: LHP Iku Yoshino
Batting: LHB Mike Tenorio 0-0: Ball
1-0: Ground out 4-3 (Groundball, 4, EV 88.1 MPH)
Bottom of the 7th over - 0 runs, 0 hits, 0 errors, 0 left on base; Williamsport 3 - Rome 3
TOP OF THE 8TH
Williamsport Crosscutters batting - Pitching for Rome Braves : RHP Jeremy Hurley
Pitching: RHP Marvin Rosas
Batting: RHB Alan Weller 0-0: Called Strike
0-1: Ground out 1-3 (Groundball, 34S, EV 61.9 MPH)
Batting: SHB Benjamin Brown 0-0: Ball
1-0: Ground out 3-1 (Groundball, 34, EV 81.2 MPH)
Batting: RHB Jimmy Misener 0-0: Swinging Strike
0-1: Foul Ball, location: 2F
0-2: Foul Ball, location: 2F
0-2: Ball
1-2: Foul Ball, location: 2F
1-2: Ball
2-2: Foul Ball, location: 2F
2-2: Strikes out swinging
Top of the 8th over - 0 runs, 0 hits, 0 errors, 0 left on base; Williamsport 3 - Rome 3
BOTTOM OF THE 8TH
Rome Braves batting - Pitching for Williamsport Crosscutters : LHP Iku Yoshino
Pitching: LHP Victor Villarreal
Batting: RHB Tim Molchan 0-0: Ground out 4-3 (Groundball, 4S, EV 66.2 MPH)
Pinch Hitting: RHB Jose Ramos 0-0: Called Strike
0-1: Reached on error, E3 (Groundball, 34, EV 88.8 MPH)
Batting: RHB Peter Wheeler 0-0: Ball
1-0: Ball
2-0: Called Strike
2-1: Called Strike
2-2: Foul Ball, location: 2F
2-2: Strikes out swinging
Pinch Hitting: RHB David Zelaya 0-0: Called Strike
0-1: Ball
1-1: Ball
2-1: Foul Ball, location: 2F
2-2: Ball
3-2: Strikes out swinging, 2-3 out at first.
Bottom of the 8th over - 0 runs, 0 hits, 1 error, 1 left on base; Williamsport 3 - Rome 3
TOP OF THE 9TH
Williamsport Crosscutters batting - Pitching for Rome Braves : RHP Marvin Rosas
Pitching: RHP Jaime Dunning
Now at 1B: Ike Trout
Now at 2B: Peter Wheeler
Now in LF: Jose Ramos
Now in RF: Javier Rubio
Batting: RHB Moritake Fukumoto 0-0: Called Strike
0-1: Swinging Strike
0-2: Strikes out looking
Batting: SHB Matt Sybrant 0-0: Called Strike
0-1: Foul Ball, location: 2F
0-2: Strikes out swinging
Batting: RHB Ken Gadberry 0-0: Called Strike
0-1: Ball
1-1: Ball
2-1: Foul Ball, location: 2F
2-2: Foul Ball, location: 2F
2-2: Strikes out swinging, 2-3 out at first.
Top of the 9th over - 0 runs, 0 hits, 0 errors, 0 left on base; Williamsport 3 - Rome 3
BOTTOM OF THE 9TH
Rome Braves batting - Pitching for Williamsport Crosscutters : LHP Victor Villarreal
Batting: RHB Adrian Billups 0-0: Ball
1-0: Ball
2-0: Ball
3-0: Base on Balls
Batting: LHB Tsutomu Miyahara 0-0: Bunted foul
0-1: Sac Bunt to 3S - play at first, batter OUT! 3-1
Adrian Billups to second
Batting: RHB Brandon Burrell 0-0: Ball
1-0: Ball
Wild Pitch!
Adrian Billups to third
2-0: Foul Ball, location: 2F
2-1: Ball
3-1: Foul Ball, location: 2F
3-2: DOUBLE (Flyball, 89D, EV 93.1 MPH)
Adrian Billups scores
Bottom of the 9th over - 1 run, 1 hit, 0 errors, 0 left on base; Williamsport 3 - Rome 4
Game Over ... Rome defeats Williamsport, 4 to 3
Thursday, March 31st , 2022 - OOTP Baseball 22.12 Build 89